 Dungeon Crawl Stone Soup version 0.23.0-3-gf3c87f2df8 (webtiles) character file.

Game seed: 10218270117123804110

87841 DildoBatman the Reanimator (level 15, -6/84 (92) HPs)
             Began as an Octopode Wizard on Feb 24, 2019.
             Was an Initiate of Gozag.
             Mangled by a white very ugly thing (35 damage)
             ... on level 2 of the Swamp on Feb 25, 2019.
             The game lasted 03:27:09 (29727 turns).

DildoBatman the Reanimator (Octopode Wizard)       Turns: 29727, Time: 03:27:09

HP:   -6/84 (92)    AC:  5    Str:  6      XL:     15   Next: 91%
MP:   13/28         EV: 18    Int: 20 (26) God:    Gozag
Gold: 544           SH:  9    Dex: 12 (14) Spells: 3/32 levels left

rFire    . . .     SeeInvis .   a - +7 trident (freeze)
rCold    . . .     Gourm    .   k - +3 warlock's mirror {reflect}
rNeg     . . .     Faith    .   J - +2 hat {MR+}
rPois    +         Spirit   .   m - amulet of magic regeneration
rElec    .         Reflect  +   M - ring of resist corrosion
rCorr    +         Harm     .   (no ring)
MR       ++...                  X - ring of flight
Stlth    +++++.....             (no ring)
HPRegen  0.24/turn              (no ring)
MPRegen  0.46/turn              (no ring)
                                (no ring)
                                (no ring)

@: gold aura, studying Stealth
A: almost no armour, stealthy swim, amphibious, 8 rings, constrict 8, iridescent
scales 1, camouflage 1, agile 1, poison resistance, gelatinous body 1
a: Potion Petition, Call Merchant, Bribe Branch, Renounce Religion, Evoke Flight


You were on level 2 of the Swamp.
You worshipped Gozag.
Gozag was pleased with you.
You were full.

You visited 5 branches of the dungeon, and saw 26 of its levels.
You also visited: Bailey and Volcano.

You collected 5254 gold pieces.
You spent 3942 gold pieces at shops.
You paid 768 gold pieces to Gozag.

Inventory:

Hand Weapons
 a - a +7 trident of freezing (weapon)
 b - a +4 dagger of electrocution
 c - a +0 blowgun
 W - the +9 quarterstaff of Punishment {antimagic, rF+ MR+}
   (You found it on level 15 of the Dungeon)

   It reduces the magical energy of the wielder, and disrupts the spells and
   magical abilities of those hit.
   Natural abilities and divine invocations are not affected.
   It protects you from fire.
   It affects your resistance to hostile enchantments.
Missiles
 d - 8 throwing nets
 e - 3 tomahawks (quivered)
 i - 117 arrows
 j - 333 bolts
 w - 13 curare-tipped needles
 D - 2 needles of sleeping
 F - 97 poisoned needles
Armour
 k - the +3 warlock's mirror (worn) {reflect}
   (You bought it in a shop on level 2 of the Orcish Mines)
 J - a +2 hat of magic resistance (worn)
Jewellery
 m - an amulet of magic regeneration (around mantle)
 M - a ring of resist corrosion (left tentacle)
 V - the ring "Qetsuhisk" {-Tele +Inv rF+ Str+5 Int+4}
   (You found it on level 6 of the Lair of Beasts)

   [ring of protection from fire]

   It affects your strength (+5).
   It affects your intelligence (+4).
   It protects you from fire.
   It lets you turn invisible.
   It prevents most forms of teleportation.
 X - a ring of flight (on tentacle)
Wands
 n - a wand of clouds (5)
 A - a wand of flame (21)
 C - a wand of iceblast (1)
 Z - a wand of paralysis (8)
Scrolls
 g - a scroll of amnesia
 l - 9 scrolls of teleportation
 s - 3 scrolls of fear
 x - 12 scrolls of remove curse
 y - 2 scrolls of blinking
 z - 8 scrolls of identify
 T - 4 scrolls of fog
Potions
 o - 3 potions of brilliance
 q - a potion of invisibility
 r - a potion of ambrosia {unknown}
 t - 6 potions of curing
 u - 2 potions of agility
 B - 3 potions of cancellation
 E - 2 potions of magic
 G - 4 potions of haste
 I - 5 potions of resistance
 K - 2 potions of heal wounds
 O - 5 potions of might
 S - 3 potions of berserk rage
Books
 p - a manual of Stealth
Miscellaneous
 f - a box of beasts
 h - a lightning rod (4/4)
 H - a phantom mirror
Comestibles
 v - 14 rations


   Skills:
 * Level 5.4 Fighting
 - Level 4.0 Short Blades
 * Level 3.5 Polearms
   Level 1.1 Bows
 * Level 9.5 Dodging
 * Level 10.4 Stealth
 * Level 8.1 Shields
 * Level 9.0 Spellcasting
 - Level 5.0 Conjurations
 - Level 4.1 Charms
   Level 1.0 Summonings
 - Level 12.0 Necromancy
 - Level 6.0 Translocations
 * Level 1.2 Transmutations
 - Level 4.1 Fire Magic
 - Level 4.1 Air Magic
 - Level 12.0 Earth Magic
 - Level 8.1 Poison Magic
 - Level 4.0 Evocations


You had 3 spell levels left.
You knew the following spells:

 Your Spells              Type           Power        Failure   Level  Hunger
a - Borgnjor's Vile Clut  Necr/Erth      ######....   1%          5    #####..
b - Conjure Flame         Conj/Fire      ####....     3%          3    None
d - Regeneration          Chrm/Necr      #####.....   1%          3    None
e - Mephitic Cloud        Conj/Pois/Air  ####....     2%          3    None
g - Statue Form           Tmut/Erth      #####....    61%         6    ######.
h - Dispel Undead         Necr           ######..     1%          5    #####..
j - Blink                 Tloc           N/A          1%          2    None
z - Sublimation of Blood  Necr           ######....   1%          2    None

Your spell library contained the following spells:

 Spells                   Type           Power        Failure   Level  Hunger
 Animate Skeleton         Necr           N/A          1%          1    None
 Apportation              Tloc           ####..       1%          1    None
 Infusion                 Chrm           ####         1%          1    None
 Magic Dart               Conj           ####         1%          1    None
 Pain                     Necr           ####         1%          1    None
 Corpse Rot               Necr           N/A          1%          2    None
 Poisonous Vapours        Pois/Air       ####..       1%          2    None
 Gell's Gravitas          Tloc           ####......   1%          3    None
 Lesser Beckoning         Tloc           ####......   1%          3    None
 Vampiric Draining        Necr           ######....   1%          3    None
 Summon Small Mammal      Summ           ##..         4%          1    None
 Recall                   Summ/Tloc      N/A          5%          3    None
 Confusing Touch          Hex            #.....       8%          1    None
 Corona                   Hex            #......      8%          1    None
 Call Imp                 Summ           ##......     8%          2    None
 Dazzling Spray           Conj/Hex       ###...       9%          3    None
 Ensorcelled Hibernation  Hex/Ice        #.....       12%         2    None
 Slow                     Hex            #.......     12%         2    None
 Call Canine Familiar     Summ           ##......     16%         3    None
 Summon Guardian Golem    Hex/Summ       ##......     19%         3    None
 Confuse                  Hex            #.......     22%         3    None
 Tukima's Dance           Hex            #.......     22%         3    None
 Animate Dead             Necr           N/A          1%          4    ###....
 Petrify                  Tmut/Erth      #####...     4%          4    ###....
 Bolt of Draining         Conj/Necr      #####.....   6%          5    #####..
 Death Channel            Necr           ######....   9%          6    ######.
 Summon Lightning Spire   Summ/Air       ###.....     26%         4    ###....
 Summon Ice Beast         Ice/Summ       ##......     52%         4    ###....
 Irradiate                Conj/Tmut      ###.......   52%         5    #####..
 Silence                  Hex/Air        ###.......   67%         5    #####..
 Simulacrum               Ice/Necr       ####......   69%         6    ######.
 Yara's Violent Unravell  Hex/Tmut       ##........   86%         5    #####..
 Conjure Ball Lightning   Conj/Air       ####......   88%         6    ######.
 Metabolic Englaciation   Hex/Ice        #.........   91%         5    #####..
 Deflect Missiles         Chrm/Air       ####......   91%         6    ######.
 Freezing Cloud           Conj/Ice/Air   ###.......   98%         6    ######.
 Borgnjor's Revivificati  Necr           ######....   98%         8    #######
 Infestation              Necr           ######....   98%         8    #######
 Haunt                    Necr/Summ      #####.....   99%         7    #######
 Hydra Form               Tmut           ##........   100%        6    ######.
 Dragon Form              Tmut           ##........   100%        7    #######
 Ring of Flames           Chrm/Fire      ####......   100%        7    #######
 Death's Door             Chrm/Necr      #####.....   100%        8    #######
 Necromutation            Tmut/Necr      #####.....   100%        8    #######
 Tornado                  Air            ####......   100%        9    #######


Dungeon Overview and Level Annotations

Branches:
Dungeon (15/15)            Temple (1/1) D:5            Lair (6/6) D:8
  Swamp (2/4) Lair:2       Spider (0/4) Lair:4        Slime (0/5) Lair:6
    Orc (2/2) D:10            Elf (0/3) Orc:2        Vaults (0/5) D:13
 Depths (0/5) D:15

Altars:
Ashenzari
Cheibriados
Dithmenos
Elyvilon
Fedhas
Gozag
Hepliaklqana
Kikubaaqudgha
Makhleb
Nemelex Xobeh
Okawaru
Qazlal
Ru
Sif Muna
Trog
Uskayaw
Vehumet
Wu Jian
Xom
Yredelemnul
Zin
The Shining One
Jiyva

Shops:
D:11 [   D:13 }[:![   Orc:2 ?**[:*%


Innate Abilities, Weirdness & Mutations

You cannot wear most types of armour.
You are very stealthy in the water. (Stealth+)
You are amphibious.
You can wear up to eight rings at the same time.
You can use your tentacles to constrict eight enemies at once.
Your skin changes colour to match your surroundings (Stealth+).
Your rubbery body absorbs attacks. (AC +1, EV +1)
You are partially covered in iridescent scales. (AC +2)
You are agile. (Dex +2)
Your system is resistant to poisons. (rPois)


Message History

Press: ? - help, Dir - move target cursor, f - white very ugly thing
Aim: a white very ugly thing (severely wounded, constricted by zombie hands)
You reach to attack!
The spiny frog gives a loud, deep croak!
You puncture the white very ugly thing!
The white very ugly thing is severely wounded.
The zombie hands constrict the white very ugly thing!
The white very ugly thing struggles to escape constriction.
Attack whom?
Press: ? - help, Dir - move target cursor, f/p - white very ugly thing
Aim: a white very ugly thing (severely wounded, constricted by zombie hands)
You reach to attack!
You hit the white very ugly thing.
The white very ugly thing is severely wounded.
The zombie hands constrict the white very ugly thing.
The white very ugly thing escapes!
The white very ugly thing engulfs you! The white very ugly thing freezes you!!
You die...
Your body crumbles into a pile of gold.

♣.≈≈.♣♣ ♣≈≈....♣♣.
♣♣≈≈J..♣ ♣♣.≈≈.♣♣♣.≈
♣♣.≈.>≈.♣♣ ♣..≈≈.♣♣♣.≈
$♣♣♣.≈≈≈≈≈..♣♣ ♣.♣≈≈.♣♣...
≈..≈≈≈≈§J♣F.♣♣♣♣≈≈≈≈.♣..≈≈
≈.≈≈...≈≈≈≈≈≈♣.≈≈≈≈..≈≈≈..
≈.≈..♣........≈≈≈.≈≈♣♣≈≈≈§
..≈.♣.$..≈≈.≈.≈...≈≈≈≈..≈≈
≈.≈ ♣...u@≈.≈≈≈♣..≈≈≈≈≈≈≈≈
......≈≈.≈....≈.≈♣.≈≈≈≈≈≈≈
≈♣≈≈≈.≈≈)≈≈..≈≈≈≈♣......≈≈
≈§♣♣.≈≈≈≈≈.♣≈.≈.♣♣.≈♣≈≈.♣
≈≈.....≈..♣♣♣≈..♣ .≈≈ ≈≈≈
≈.≈≈♣...♣♣ ♣≈≈.♣ ≈≈.
≈≈≈≈≈.≈♣♣ . ≈≈. ♣≈♣.≈≈≈
.§≈ .≈


You could see a white very ugly thing, 2 slime creatures and a spiny frog.

Vanquished Creatures
  Kirke (Lair:4)
  Gastronok (Lair:2)
  A stone giant (Volcano)
  2 dire elephants (Lair:6)
  Josephine (D:10)
  3 ice dragons
  10 hydras
  A merfolk avatar (Lair:6)
  A ghost crab (Swamp:2)
  A death knight (D:15)
  2 centaur warriors
  3 alligators
  2 tengu warriors (D:13)
  3 two-headed ogres
  4 death yaks
  Nergalle (D:11)
  Sonja (Lair:6)
  5 skeletal warriors (D:15)
  3 orc knights
  A manticore (Lair:6)
  An oklob plant (Lair:3)
  7 ugly things
  3 cyclopes
  14 elephants
  A centaur zombie (D:12)
  5 black mambas
  Psyche (D:10)
  A torpor snail (Lair:6)
  Joseph (D:10)
  A gargoyle (Volcano)
  15 spiny frogs
  A yaktaur zombie (D:9)
  7 rime drakes
  2 efreet
  2 freezing wraiths (D:15)
  A kobold demonologist (D:11)
  12 komodo dragons
  2 jumping spiders (Lair:4)
  2 hydra zombies
  3 trolls
  A polar bear (shapeshifter) (D:13)
  A yaktaur skeleton (D:12)
  3 tyrant leeches
  3 hornets
  2 polar bears (Lair:6)
  3 slime creatures (Swamp:1)
  A raiju (shapeshifter) (D:13)
  5 blink frogs (Lair:1)
  An alligator zombie (Swamp:1)
  9 hippogriffs
  6 dream sheep (Lair:5)
  A bog body (Swamp:1)
  3 spriggans (Lair:6)
  A shadow (D:13)
  8 wraiths
  12 redbacks
  A human (shapeshifter) (D:15)
  4 basilisks
  6 wyverns
  5 hogs (Lair:4)
  17 yaks
  An elf zombie (D:15)
  10 vampire mosquitoes
  A hungry ghost (D:15)
  Menkaure (D:4)
  A human zombie (D:15)
  An insubstantial wisp (Lair:4)
  2 swamp worms (Lair:2)
  4 wargs
  A swamp worm (shapeshifter) (D:13)
  3 spiny frog zombies (Swamp:1)
  6 water moccasins
  11 porcupines
  A tengu skeleton (D:12)
  A two-headed ogre skeleton (Orc:2)
  31 orc warriors
  A hornet zombie (D:12)
  2 spiny frog skeletons (Lair:6)
  3 swamp drakes
  A sky beast (D:15)
  2 eyes of draining
  A necrophage (D:11)
  6 phantoms
  25 centaurs
  4 ice beasts
  7 wolves
  12 ogres
  A blink frog skeleton (Lair:6)
  A dream sheep skeleton (Lair:6)
  15 crocodiles
  2 big kobolds
  15 bullfrogs
  8 gnoll sergeants (Bailey)
  4 komodo dragon skeletons
  A hippogriff skeleton (Lair:6)
  A wyvern zombie (D:9)
  2 earth elementals (Volcano)
  A wyvern skeleton (Lair:6)
  5 scorpions
  A water moccasin skeleton (Lair:6)
  A warg skeleton (Orc:2)
  4 jellies
  A yak skeleton (Lair:6)
  6 howler monkeys
  2 electric eels (Lair:2)
  4 bullfrog zombies
  10 crimson imps
  A wolf skeleton (Lair:6)
  8 hounds
  Crazy Yiuf (D:2)
  6 orc priests
  3 bullfrog skeletons
  22 orc wizards
  5 centaur skeletons
  6 gnoll shamans (Bailey)
  Jessica (D:2)
  8 iguanas
  Ijyb (D:5)
  Natasha (thrice) (D:4)
  4 hell rats (Lair:5)
  11 worker ants
  An acid dragon zombie (D:10)
  2 killer bee zombies
  A big kobold zombie (D:15)
  2 crocodile zombies
  An ogre zombie (D:10)
  A crocodile skeleton (Lair:6)
  An ogre skeleton (D:10)
  A worker ant zombie (D:8)
  21 gnolls
  A howler monkey skeleton (D:2)
  6 adders
  A swamp drake skeleton (Swamp:1)
  4 shadow imps
  An ooze (D:2)
  An adder zombie (D:9)
  An adder skeleton (D:4)
  An iguana skeleton (D:12)
  4 orc skeletons
  3 worms
  2 dart slugs
  5 leopard geckos
  73 orcs
  2 ball pythons
  9 bats
  A bat zombie (D:2)
  6 giant cockroaches
  11 goblins
  6 hobgoblins
  7 jackals
  4 quokkas
  7 frilled lizards
  A gnoll skeleton (D:10)
  20 kobolds
  2 quokka zombies
  9 rats
  A spectral orc (D:8)
  6 fungi
  14 plants
766 creatures vanquished.

Vanquished Creatures (others)
  A redback (D:15)
  12 fungi
  21 plants
34 creatures vanquished.

Grand Total: 800 creatures vanquished

Notes
Turn   | Place    | Note
-------+----------+-------------------------------------------
     0 | D:1      | DildoBatman the Octopode Wizard began the quest for the
                  | Orb.
     0 | D:1      | Reached XP level 1. HP: 11/11 MP: 4/4
   150 | D:1      | Reached XP level 2. HP: 11/17 MP: 1/6
   623 | D:1      | Reached XP level 3. HP: 12/21 MP: 2/7
   628 | D:1      | Learned a level 3 spell: Conjure Flame
   632 | D:1      | Learned a level 3 spell: Mephitic Cloud
   840 | D:2      | Noticed Jessica
  1183 | D:2      | Reached XP level 4. HP: 22/27 MP: 2/8
  1680 | D:2      | Found an ancient bone altar of Kikubaaqudgha.
  1688 | D:2      | Became a worshipper of Kikubaaqudgha
  1898 | D:2      | Killed Jessica
  1898 | D:2      | Reached skill level 1 in Poison Magic
  1898 | D:2      | Reached XP level 5. HP: 31/31 MP: 9/9
  1973 | D:2      | Found a runed translucent door.
  1974 | D:2      | Noticed Crazy Yiuf
  1990 | D:2      | Killed Crazy Yiuf
  1990 | D:2      | Reached skill level 1 in Fire Magic
  1990 | D:2      | Reached skill level 1 in Air Magic
  2389 | D:3      | Noticed a centaur
  2410 | D:3      | Killed a centaur
  2410 | D:3      | Reached XP level 6. HP: 20/36 MP: 1/10
  2584 | D:3      | Found a glowing silver altar of Zin.
  2815 | D:3      | Found a bloodstained altar of Trog.
  3125 | D:3      | Reached * piety under Kikubaaqudgha
  3125 | D:3      | Identified Kikubaaqudgha's Catalogue of Evil Arts
                  | (Kikubaaqudgha gifted it to you on level 3 of the Dungeon)
  3125 | D:3      | Received a gift from Kikubaaqudgha
  3131 | D:3      | Learned a level 3 spell: Regeneration
  3279 | D:4      | Reached skill level 1 in Evocations
  3372 | D:4      | Noticed a phantom
  3391 | D:4      | Reached XP level 7. HP: 35/41 MP: 2/11
  3681 | D:4      | Noticed Natasha
  3913 | D:4      | Reached skill level 5 in Conjurations
  4083 | D:4      | Killed Natasha
  4171 | D:4      | Learned a level 2 spell: Blink
  4223 | D:4      | Found a sacrificial altar of Ru.
  4225 | D:4      | Found an iron altar of Okawaru.
  4231 | D:4      | Found a glowing golden altar of the Shining One.
  4326 | D:4      | Noticed Menkaure
  4333 | D:4      | Killed Menkaure
  4333 | D:4      | Reached skill level 1 in Bows
  4333 | D:4      | Reached skill level 5 in Stealth
  4381 | D:4      | Noticed Natasha
  4393 | D:4      | Killed Natasha
  4393 | D:4      | Reached XP level 8. HP: 45/46 MP: 10/12
  4488 | D:4      | Noticed Natasha
  4496 | D:4      | Killed Natasha
  4501 | D:5      | Entered Level 5 of the Dungeon
  4573 | D:5      | Found a staircase to the Ecumenical Temple.
  4601 | Temple   | Entered the Ecumenical Temple
  4756 | D:5      | Noticed Ijyb
  4782 | D:5      | Killed Ijyb
  4820 | D:5      | Gained mutation: You expend magic power (3 MP) to
                  | strengthen your wands. [potion of mutation]
  4820 | D:5      | Lost mutation: You expend magic power (3 MP) to strengthen
                  | your wands. [potion of mutation]
  4820 | D:5      | Gained mutation: Your skin blends seamlessly with your
                  | surroundings (Stealth++). [potion of mutation]
  4820 | D:5      | Gained mutation: You are robust. (+10% HP) [potion of
                  | mutation]
  5074 | D:5      | Found a deep blue altar of Sif Muna.
  5155 | D:5      | Reached skill level 5 in Poison Magic
  5799 | D:6      | Reached skill level 1 in Charms
  5833 | D:6      | Reached XP level 9. HP: 57/57 MP: 7/13
  5837 | D:6      | Reached skill level 1 in Fighting
  5842 | D:6      | Reached skill level 1 in Necromancy
  5997 | D:6      | Reached ** piety under Kikubaaqudgha
  6609 | D:7      | Noticed a hornet
  6641 | D:7      | Killed a hornet
  6806 | D:7      | Found a radiant altar of Vehumet.
  6849 | D:7      | Found a shadowy altar of Dithmenos.
  6849 | D:7      | Found a sparkling altar of Nemelex Xobeh.
  6849 | D:7      | Found a stormy altar of Qazlal.
  7054 | D:7      | Learned a level 3 spell: Confuse
  7258 | D:8      | Noticed an elephant
  7518 | D:7      | Killed an elephant
  7518 | D:7      | Reached skill level 1 in Short Blades
  7583 | D:8      | Found a staircase to the Lair.
  7998 | D:8      | Reached XP level 10. HP: 42/66 MP: 2/16
  8065 | D:8      | Reached *** piety under Kikubaaqudgha
  8065 | D:8      | Identified Kikubaaqudgha's Papyrus of Unholy Arts
                  | (Kikubaaqudgha gifted it to you on level 8 of the Dungeon)
  8065 | D:8      | Received a gift from Kikubaaqudgha
  8316 | D:8      | Found a hazy altar of Hepliaklqana.
  8493 | D:8      | Found a basalt altar of Yredelemnul.
  8663 | D:9      | Reached skill level 1 in Shields
  9022 | D:9      | Noticed a two-headed ogre
  9220 | D:9      | Killed a two-headed ogre
  9229 | D:9      | Reached skill level 5 in Spellcasting
  9467 | D:10     | Entered Level 10 of the Dungeon
  9603 | D:10     | Reached skill level 5 in Necromancy
  9666 | D:10     | Noticed Joseph
  9765 | D:10     | Killed Joseph
  9801 | D:10     | Found a shadowy altar of Dithmenos.
  9927 | D:10     | Noticed Psyche
  9970 | D:10     | Killed Psyche
  9970 | D:10     | Reached XP level 11. HP: 57/70 MP: 10/18
 10062 | D:10     | Noticed Josephine
 10113 | D:10     | Learned a level 5 spell: Dispel Undead
 10155 | D:10     | Found a staircase to the Orcish Mines.
 10194 | D:10     | Reached **** piety under Kikubaaqudgha
 10430 | D:10     | Killed Josephine
 10653 | D:11     | Noticed a white ugly thing
 10673 | D:11     | Killed a white ugly thing
 10860 | D:11     | Noticed Nergalle
 10953 | D:11     | Found Ujaomiocs's Antique Armour Shoppe.
 11004 | D:11     | Reached skill level 10 in Necromancy
 11014 | D:11     | Killed Nergalle
 11194 | D:11     | Noticed a centaur warrior
 11216 | D:11     | Killed a centaur warrior
 11426 | Orc:1    | Entered Level 1 of the Orcish Mines
 11463 | Orc:1    | Noticed a two-headed ogre
 11488 | Orc:1    | Killed a two-headed ogre
 11526 | Orc:1    | Found a dark tunnel.
 11608 | Volcano  | Entered a volcano
 11633 | Volcano  | Noticed a stone giant
 11881 | Volcano  | Killed a stone giant
 11881 | Volcano  | Reached XP level 12. HP: 77/77 MP: 1/21
 12235 | Orc:2    | Entered Level 2 of the Orcish Mines
 12244 | Orc:1    | Learned a level 5 spell: Borgnjor's Vile Clutch
 12392 | Orc:2    | Reached skill level 1 in Earth Magic
 12475 | Orc:2    | Found Woppof's Assorted Antiques.
 12895 | Orc:2    | Reached ***** piety under Kikubaaqudgha
 13851 | Orc:2    | Found Koextaji's Magic Scroll Emporium.
 13851 | Orc:2    | Found a staircase to the Elven Halls.
 14013 | Lair:1   | Entered Level 1 of the Lair of Beasts
 14331 | Lair:1   | Reached skill level 5 in Shields
 14346 | Lair:1   | Reached skill level 5 in Earth Magic
 14572 | Lair:1   | Noticed an ice dragon
 14631 | Lair:1   | Killed an ice dragon
 15617 | Lair:2   | Noticed a seven-headed hydra
 15626 | Lair:2   | Killed a seven-headed hydra
 15626 | Lair:2   | Reached XP level 13. HP: 81/81 MP: 10/23
 15630 | Lair:2   | Learned a level 2 spell: Sublimation of Blood
 15657 | Lair:2   | Noticed Gastronok
 15682 | Lair:2   | Reached skill level 5 in Dodging
 16157 | Lair:2   | Found a staircase to the Swamp.
 16319 | Lair:2   | Killed Gastronok
 17424 | Lair:4   | Noticed Kirke
 17753 | Lair:4   | Killed Kirke
 17952 | Lair:4   | Found a hole to the Spider Nest.
 19195 | Lair:5   | Reached XP level 14. HP: 89/89 MP: 15/24
 19278 | Lair:5   | Reached skill level 10 in Earth Magic
 19897 | Lair:6   | Entered Level 6 of the Lair of Beasts
 19939 | Lair:6   | Got a slimy bone ring
 19940 | Lair:6   | Identified the ring "Qetsuhisk" {-Tele +Inv rF+ Str+5
                  | Int+4} (You found it on level 6 of the Lair of Beasts)
 20170 | Lair:6   | Reached ****** piety under Kikubaaqudgha
 20178 | Lair:6   | Received a gift from Kikubaaqudgha
 20180 | Lair:6   | Fell from the grace of Kikubaaqudgha
 20529 | Temple   | Became a worshipper of Gozag Ym Sagoz the Greedy
 20652 | D:8      | Lost mutation: You are robust. (+10% HP) [potion of
                  | mutation]
 20652 | D:8      | Lost mutation: Your skin blends seamlessly with your
                  | surroundings (Stealth++). [potion of mutation]
 20652 | D:8      | Gained mutation: Your system is resistant to poisons.
                  | (rPois) [potion of mutation]
 20652 | D:8      | Gained mutation: You can translocate small distances at
                  | will. [potion of mutation]
 20653 | D:8      | Lost mutation: Your system is resistant to poisons. (rPois)
                  | [potion of mutation]
 20653 | D:8      | Lost mutation: You can translocate small distances at will.
                  | [potion of mutation]
 20653 | D:8      | Gained mutation: You occasionally shout uncontrollably at
                  | your foes. [potion of mutation]
 20653 | D:8      | Gained mutation: You are partially covered in iridescent
                  | scales. (AC +2) [potion of mutation]
 20654 | D:8      | Lost mutation: You occasionally shout uncontrollably at
                  | your foes. [potion of mutation]
 20654 | D:8      | Gained mutation: You are agile. (Dex +2) [potion of
                  | mutation]
 20654 | D:8      | Gained mutation: Your system is resistant to poisons.
                  | (rPois) [potion of mutation]
 21081 | Lair:6   | Identified the cursed +1 dagger "Spiderslayer" {pierce,
                  | rPois}
 21238 | Lair:6   | Noticed a dire elephant
 21946 | Lair:6   | Noticed a dire elephant
 21967 | Lair:6   | Found a viscous altar of Jiyva.
 21967 | Lair:6   | Found a staircase to the Slime Pits.
 22007 | Lair:6   | Reached skill level 5 in Translocations
 22117 | Lair:6   | Noticed Sonja
 22131 | Lair:6   | Killed Sonja
 22336 | Lair:6   | Killed a dire elephant
 22459 | Lair:6   | Identified the Almanac of Rotation
 22543 | Lair:6   | Killed a dire elephant
 23052 | D:12     | Found a flagged portal.
 23150 | D:12     | Reached XP level 15. HP: 86/86 MP: 20/27
 23420 | Bailey   | Entered a bailey
 24141 | D:13     | Found Wikaerir's Antique Armour Shop.
 24426 | D:13     | Found Ines's Gadget Shop.
 24507 | D:13     | Found Ofobev's Book Shop.
 24511 | D:13     | Bought a manual of Stealth for 1324 gold pieces
 24575 | D:13     | Reached skill level 1 in Polearms
 24704 | D:13     | Found a gate to the Vaults.
 24872 | D:13     | Found Vexoip's Distillery.
 24927 | D:13     | Found Titaeric's Armour Shop.
 24931 | D:13     | Bought a +2 buckler of cold resistance for 387 gold pieces
 25155 | D:14     | Found an opulent altar of Gozag.
 25203 | D:14     | Got a pitted war axe
 25204 | D:14     | Identified the +7 war axe of Rubbish {antimagic, +Fly
                  | Int+2} (You found it on level 14 of the Dungeon)
 25677 | D:15     | Entered Level 15 of the Dungeon
 25715 | D:15     | Found a staircase to the Depths.
 26027 | D:15     | Got a twisted quarterstaff
 26034 | D:15     | Found a radiant altar of Vehumet.
 26040 | D:15     | Identified the +9 quarterstaff of Punishment {antimagic,
                  | rF+ MR+} (You found it on level 15 of the Dungeon)
 26905 | D:15     | Reached skill level 5 in Fighting
 27734 | Orc:2    | Found Votax's Food Shoppe.
 28232 | Orc:2    | Found Jaheomak's Book Boutique.
 28232 | Orc:2    | Found Unashra's Antique Armour Shoppe.
 28232 | Orc:2    | Found Masazywn's General Store.
 28235 | Orc:2    | Found Hopuod's Assorted Antiques.
 28242 | Orc:2    | Bought a scroll of noise for 14 gold pieces
 28242 | Orc:2    | Bought a ration for 70 gold pieces
 28242 | Orc:2    | Bought a ration for 70 gold pieces
 28242 | Orc:2    | Bought a scroll of enchant armour for 105 gold pieces
 28242 | Orc:2    | Bought a scroll of enchant weapon for 105 gold pieces
 28242 | Orc:2    | Bought a potion of heal wounds for 70 gold pieces
 28242 | Orc:2    | Bought a wand of paralysis (7) for 126 gold pieces
 28294 | Orc:2    | Bought the +3 warlock's mirror {reflect} for 1600 gold
                  | pieces
 28294 | Orc:2    | Found the +3 warlock's mirror {reflect}
 28345 | Orc:2    | Bought a scroll of immolation for 45 gold pieces
 28345 | Orc:2    | Bought a scroll of fog for 26 gold pieces
 28449 | D:8      | Learned a level 6 spell: Statue Form
 28579 | Swamp:1  | Entered Level 1 of the Swamp
 29054 | Swamp:1  | Was forgiven by Kikubaaqudgha
 29055 | Swamp:1  | Reached skill level 10 in Stealth
 29610 | Swamp:2  | Reached skill level 1 in Transmutations
 29727 | Swamp:2  | Mangled by a white very ugly thing

Skill      XL: |  1  2  3  4  5  6  7  8  9 10 11 12 13 14 15 |
---------------+----------------------------------------------+-----
Conjurations   | 2 3 4 5 |  5.0
Poison Magic   | 1 2 3 6 7 8 |  8.1
Fire Magic     | 1 2 3 4 |  4.1
Air Magic      | 1 2 3 4 |  4.1
Stealth        | 3 4 5 6 7 10 | 10.4
Evocations     | 1 2 4 |  4.0
Bows           | 1 |  1.1
Charms         | 1 3 4 |  4.1
Fighting       | 2 3 5 |  5.4
Necromancy     | 3 7 11 12 | 12.0
Translocations | 2 4 5 6 |  6.0
Short Blades   | 2 4 |  4.0
Spellcasting   | 4 5 6 7 8 9 |  9.0
Shields        | 4 6 7 8 |  8.1
Earth Magic    | 6 9 11 12 | 12.0
Dodging        | 4 8 9 |  9.5
Polearms       | 3 |  3.5
Transmutations | 1 |  1.2
Summonings     | |  1.0

Action                   |  1- 3 |  4- 6 |  7- 9 | 10-12 | 13-15 || total
-------------------------+-------+-------+-------+-------+-------++-------
Melee: Short sword       |    12 |     3 |       |       |       ||    15
       Constrict         |     5 |    13 |    36 |    53 |    59 ||   166
       Club              |     3 |       |       |       |       ||     3
       Tentacles         |     3 |     7 |    22 |    41 |    77 ||   150
       Dagger            |    10 |    50 |   116 |   283 |   481 ||   940
       Quarterstaff      |       |     1 |       |       |       ||     1
       Falchion          |       |       |    12 |       |       ||    12
       Trident           |       |       |       |       |    39 ||    39
 Fire: Shortbow          |       |    26 |    53 |       |       ||    79
       Blowgun           |       |       |       |    14 |       ||    14
Throw: Stone             |       |     9 |       |       |    13 ||    22
       Javelin           |       |       |       |       |     1 ||     1
       Throwing net      |       |       |       |       |     2 ||     2
       Tomahawk          |       |       |       |       |     2 ||     2
 Cast: Magic Dart        |    61 |   106 |   186 |   467 |   115 ||   935
       Mephitic Cloud    |       |    11 |    48 |   101 |    82 ||   242
       Conjure Flame     |       |     6 |    19 |    50 |    49 ||   124
       Regeneration      |       |       |    25 |    74 |   125 ||   224
       Confuse           |       |       |     2 |     1 |       ||     3
       Dispel Undead     |       |       |       |     7 |    23 ||    30
       Borgnjor's Vile C |       |       |       |    25 |   298 ||   323
       Sublimation of Bl |       |       |       |       |    21 ||    21
       Blink             |       |       |       |       |     7 ||     7
Invok: Receive Necronomi |       |       |       |       |     1 ||     1
       Renounce Religion |       |       |       |       |     1 ||     1
Evoke: Wand              |       |       |     3 |    31 |     3 ||    37
  Use: Scroll            |       |     5 |     7 |    16 |    14 ||    42
       Potion            |       |       |     2 |     3 |     6 ||    11
 Stab: Sleeping          |     3 |     4 |     3 |     5 |    14 ||    29
       Confused          |       |     2 |    14 |    34 |    24 ||    74
       Paralysed         |       |       |     2 |     3 |       ||     5
       Distracted        |       |       |       |       |     2 ||     2
       Held in net/web   |       |       |       |       |     1 ||     1
  Eat: Chunk             |     1 |     8 |    15 |    32 |    35 ||    91
       Ration            |       |       |     2 |     3 |    27 ||    32
Armor: Skin              |     1 |     2 |     4 |    10 |    42 ||    59
Dodge: Dodged            |    25 |    38 |    83 |   170 |   341 ||   657
Block: Buckler           |       |       |       |    62 |   145 ||   207
       Reflection        |       |       |       |       |     3 ||     3
       Rpst.: Falchion   |       |       |     1 |       |       ||     1
